Map: Kairos Junction LE

Players

goblin

  • Race: Protoss Protoss
  • Spawn Location: 11:00

Clem - Winner!

  • Race: Terran Terran
  • Spawn Location: 5:00

Event: 2019 WCS Summer

VOD

Have the link to the VOD?

Description

Time

  • Played on: July 13, 2019, 8:23 a.m.
  • Length: 7:35

All games in this series

Show
View Real Time Build Order
Export as new Build Order

goblin Protoss 

Build Orders: 1 Gate Expand, Phoenix Opening 

Get SALT Encoding   

  12  0:00  Probe  
  13  0:12  Probe  
  14  0:17  Pylon  
  14  0:24  Probe  
  15  0:32  Probe  
  15  0:38  Gateway  
  15  0:40  Probe  
  16  0:46  Assimilator  
  17  0:51  Probe  
  17  0:54  Assimilator  
  18  1:03  Probe  
  19  1:15  Probe  
  20  1:25  Cybernetics Core  
  20  1:36  Nexus  
  20  1:42  Probe  
  20  1:46  Pylon  
  21  1:51  Adept  
  23  2:04  Probe  
  23  2:08  Stargate  
  24  2:11  Adept  
  24  2:14  Warp Gate  
  24  2:16  Probe  
  27  2:28  Probe  
  28  2:40  Probe  
  28  2:41  Adept  
  28  2:43  Phoenix  
  31  2:50  Probe  
  32  2:52  Probe  
  35  3:02  Probe  
  35  3:04  Probe  
  37  3:10  Phoenix  
  39  3:14  Probe  
  39  3:16  Probe  
  41  3:23  Probe  
  42  3:28  Probe  
  42  3:32  Probe  
  41  3:36  Phoenix  
  41  3:40  Probe x2, Pylon  
  46  3:50  Robotics Facility  
  46  3:54  Assimilator  
  46  3:55  Assimilator  
  46  3:58  Probe x2  
  46  4:01  Phoenix  
  50  4:10  Probe x2, Pylon  
  50  4:12  Pylon  
  52  4:22  Probe x2  
  54  4:28  Phoenix  
  56  4:34  Probe x2, Gateway x2  
  56  4:36  Observer  
  58  4:45  Robotics Bay  
  59  4:46  Probe x2  
  59  4:50  Pylon  
  59  4:52  Observer  
  61  4:58  Probe x2  
  61  4:59  Zealot  
  66  5:02  Immortal  
  66  5:07  Phoenix  
  66  5:13  Observer  
  72  5:18  Nexus  
  72  5:22  Zealot  
  72  5:27  Shield Battery, Pylon  
  74  5:30  Stalker  
  76  5:36  Stalker  
  61  5:57  Disruptor  
  61  6:00  Stalker x3  
  58  6:14  Probe  
  58  6:15  Probe  
  58  6:20  Phoenix  
  58  6:25  Stalker x2, Zealot  
  53  6:26  Probe  
  53  6:27  Probe  
  52  6:37  Phoenix  
  52  6:38  Probe  
  52  6:39  Probe  
  51  6:48  Observer  
  51  6:50  Stalker x2  
  50  6:56  Disruptor  
  50  7:07  Phoenix  
  55  7:17  Zealot x2  
  55  7:21  Zealot  
Show
View Real Time Build Order
Export as new Build Order

Clem Terran - Winner!

Build Orders: Gas First Reaper Expand 

Get SALT Encoding   

  12  0:00  SCV  
  13  0:12  SCV  
  14  0:17  Supply Depot  
  14  0:25  SCV  
  15  0:29  Refinery  
  15  0:38  SCV  
  16  0:44  Barracks  
  16  0:50  SCV  
  17  1:02  SCV  
  18  1:14  SCV  
  19  1:31  Orbital Command, Reaper  
  20  1:43  Command Center  
  20  1:54  Factory  
  20  1:57  SCV  
  21  2:06  Barracks Reactor  
  21  2:09  SCV  
  21  2:12  Supply Depot  
  22  2:18  Refinery  
  22  2:22  SCV  
  23  2:34  SCV  
  24  2:43  Marine x2, Starport  
  26  2:46  SCV  
  28  2:51  Hellion  
  28  2:57  Supply Depot  
  28  3:01  Marine x2  
  28  3:02  SCV  
  31  3:12  Orbital Command  
  30  3:17  Widow Mine  
  31  3:23  Marine x2  
  31  3:26  SCV  
  31  3:38  SCV  
  31  3:41  Factory Tech Lab  
  32  3:42  Marine x2  
  32  3:47  SCV  
  35  3:50  Viking  
  35  3:52  SCV  
  38  3:59  Siege Tank  
  38  4:02  Marine x2  
  43  4:04  SCV  
  43  4:05  Liberator  
  43  4:06  SCV  
  45  4:12  Supply Depot  
  45  4:16  SCV  
  46  4:18  SCV  
  46  4:20  Marine x2  
  52  4:29  SCV  
  53  4:33  Cyclone  
  53  4:34  SCV, Supply Depot  
  57  4:41  SCV  
  57  4:44  Supply Depot  
  57  4:45  Marine x2  
  58  4:46  SCV  
  59  4:53  Barracks, SCV  
  59  4:57  Supply Depot  
  60  5:02  SCV  
  60  5:04  Marine  
  60  5:05  Viking, SCV  
  62  5:10  Cyclone  
  62  5:14  SCV  
  66  5:15  Marine  
  66  5:17  SCV  
  68  5:22  Marine  
  68  5:26  SCV  
  70  5:29  Barracks  
  70  5:33  Marine  
  71  5:35  Supply Depot  
  71  5:38  Bunker  
  71  5:43  Bunker  
  71  5:44  Marine x2  
  71  5:46  Bunker  
  72  5:55  Marine  
  72  5:56  SCV x2  
  66  5:58  Siege Tank  
  68  6:05  Liberator  
  68  6:08  SCV x2  
  68  6:11  Marine  
  66  6:13  Marine  
  66  6:14  Marine  
  66  6:16  Refinery  
  66  6:17  Engineering Bay  
  62  6:19  Marine  
  62  6:20  SCV x2  
  66  6:26  Bunker  
  66  6:29  Marine  
  66  6:32  Marine x2, SCV  
  70  6:35  Siege Tank  
  70  6:39  SCV  
  73  6:40  Marine  
  73  6:46  Marine, SCV  
  74  6:51  SCV  
  76  6:54  Barracks Tech Lab  
  76  6:58  SCV  
  76  7:02  Marine x2  
  76  7:03  SCV  
  76  7:05  Marine  
  80  7:09  Starport Reactor  
  80  7:10  SCV, Supply Depot  
  84  7:16  Marine, SCV  
  86  7:23  Supply Depot  
  86  7:24  Refinery  
Tags
 
Add a new tag
Caveats
  • Supply blocks, unpowered buildings, or Contaminate may cause inaccurate times.
  • Supply counts are checked every 10 seconds.